 Dungeon Crawl Stone Soup version 0.23-a0-49-gd9f7a49668 (webtiles) character file.

284 Htamos the Skirmisher (level 6, -12/42 HPs)
             Began as a Kobold Fighter on Aug 6, 2018.
             Killed by divine providence
             ... invoked by an orc priest
              (14 damage)
             ... on level 3 of the Dungeon.
             The game lasted 00:07:23 (3517 turns).

Htamos the Skirmisher (Kobold Fighter)              Turns: 3517, Time: 00:07:24

Health: -12/42     AC:  7    Str: 16    XL:     6   Next: 54%
Magic:  6/6        EV:  8    Int:  9    God:
Gold:   161        SH:  9    Dex: 14    Spells: 5/5 levels left

rFire    . . .     SeeInvis .   a - +0 rapier
rCold    . . .     Gourm    .   c - +0 shield
rNeg     . . .     Faith    .   b - +0 scale mail
rPois    +         Spirit   .   h - +0 helmet
rElec    .         Reflect  .   (no cloak)
rCorr    .         Harm     .   (no gloves)
MR       .....                  (no boots)
Stlth    ..........             (no amulet)
HPRegen  0.14/turn              k - ring of poison resistance
MPRegen  0.10/turn              (no ring)

@: no status effects
A: small, carnivore
a: no special abilities


You were on level 3 of the Dungeon.
You were very full.

You visited 1 branch of the dungeon, and saw 3 of its levels.

You collected 161 gold pieces.

Inventory:

Hand Weapons
 a - a +0 rapier (weapon)
Armour
 b - a +0 scale mail (worn)
 c - a +0 shield (worn)
 h - a +0 helmet (worn)
 l - a cursed +0 ring mail
Jewellery
 k - a ring of poison resistance (left hand)
Scrolls
 d - a scroll of random uselessness
 g - a scroll of amnesia {unknown}
 j - a scroll of blinking
Comestibles
 f - 4 rations
 i - 3 chunks of flesh


   Skills:
 * Level 6.4 Fighting
 + Level 5.2 Short Blades
 - Level 2.4 Armour
 - Level 2.4 Shields


You had 5 spell levels left.
You didn't know any spells.
Your spell library was empty.

Dungeon Overview and Level Annotations

Branches:
Dungeon (3/15)

Altars:
Nemelex Xobeh

Annotations:
D:2 exclusion: downstairs


Innate Abilities, Weirdness & Mutations

You are small and have problems with some larger weapons.
You are carnivorous and can eat meat at any time.


Message History

The orc priest is moderately wounded.
The orc priest barely misses you.
You hit the orc priest.
The orc priest is heavily wounded.
The orc priest calls down the wrath of Beogh upon you.
Beogh smites you!
* * * LOW HITPOINT WARNING * * *
You closely miss the orc priest.
The orc priest is heavily wounded.
The orc priest calls down the wrath of Beogh upon you.
Beogh smites you!
* * * LOW HITPOINT WARNING * * *
Unknown command.
You aren't carrying any potions.
You aren't carrying any items that you can evoke.
Eat one of 3 chunks of flesh? (ye/n/q)
Okay, then.
The orc priest invokes the aid of Beogh against you.
Beogh smites you!
You die...

#.# #.# #o#
#.# #.#
#.####
#.##o##
#.#.#.## ##
#..###@# ..
###.#.## ..
##.## .# #.#
.# #)#
.##### #.#
...).#######
#)#
.###...<)..#
#)# .#
#######.#
#.#


You could see an orc priest.

Vanquished Creatures
  A centaur (D:3)
  A hound (D:2)
  An orc wizard (D:3)
  4 adders
  4 worms (D:2)
  A dart slug (D:1)
  2 leopard geckos
  16 orcs
  A ball python (D:2)
  9 goblins
  10 hobgoblins
  4 jackals
  A quokka (D:2)
  6 bats
  4 frilled lizards
  6 kobolds
  7 rats
78 creatures vanquished.

Notes
Turn   | Place    | Note
-------+----------+-------------------------------------------
     0 | D:1      | Htamos the Kobold Fighter began the quest for the Orb.
     0 | D:1      | Reached XP level 1. HP: 14/14 MP: 1/1
   270 | D:1      | Reached XP level 2. HP: 19/20 MP: 2/2
   609 | D:1      | Reached skill level 4 in Fighting
   856 | D:1      | Reached XP level 3. HP: 23/24 MP: 3/3
  1483 | D:2      | Found a sparkling altar of Nemelex Xobeh.
  1515 | D:2      | Reached XP level 4. HP: 30/30 MP: 4/4
  1911 | D:2      | Reached skill level 5 in Fighting
  2100 | D:2      | Reached XP level 5. HP: 30/35 MP: 5/5
  2584 | D:3      | Noticed a centaur
  2609 | D:3      | Killed a centaur
  2609 | D:3      | Reached skill level 6 in Fighting
  2609 | D:3      | Reached XP level 6. HP: 14/41 MP: 6/6
  2969 | D:3      | Reached skill level 5 in Short Blades
  3516 | D:3      | HP: 1/42 [orc priest/divine providence (8)]
  3517 | D:3      | Killed from afar by an orc priest

Vault maps used:
D:1:      giann_forest_graveyard
D:2:      lemuel_doored_altar
D:3:      uniq_robin

Skill      XL: |  1  2  3  4  5  6 |
---------------+-------------------+-----
Short Blades   | 3 4 5 |  5.2
Fighting       | 4 5 6 |  6.4
Armour         | |  2.4
Shields        | |  2.4

Action                   |  1- 3 |  4- 6 || total
-------------------------+-------+-------++-------
Melee: Rapier            |   113 |   212 ||   325
  Use: Potion            |     3 |       ||     3
       Scroll            |       |     3 ||     3
  Eat: Chunk             |    10 |     6 ||    16
Armor: Scale mail        |    27 |    63 ||    90
Dodge: Dodged            |    36 |    59 ||    95
Block: Shield            |    59 |    82 ||   141

Table legend:
 A = Spawn XP
 B = Non-spawn XP
 C = Spawn XP percentage of total XP
 D = Spawn monster count
 E = Non-spawn monster count
 F = Spawn count percentage of total count
 G = Total turns spent on level
                    A         B        C        D         E        F      G
               +---------+---------+-------+---------+---------+-------+---------
         Total |       0 |     406 |   0.0 |       0 |      78 |   0.0 |  3517
               +---------+---------+-------+---------+---------+-------+---------
           D:1 |       0 |      29 |   0.0 |       0 |      17 |   0.0 |  1175
           D:2 |       0 |     144 |   0.0 |       0 |      32 |   0.0 |  1668
           D:3 |       0 |     233 |   0.0 |       0 |      29 |   0.0 |   674
               +---------+---------+-------+---------+---------+-------+---------
